NYP
HUDSON VALLEY RENEGADES @ LOWELL SPINNERS
09/10/2080
 
TOP OF THE 1ST
Hudson Valley Renegades batting - Pitching for Lowell Spinners : RHP Adam Buechel
Pitching: RHP Adam Buechel
Batting: RHB Bill Reyes 0-0: Foul Ball, location: 2F
0-1: Called Strike
0-2: SINGLE (Groundball, 56D, EV 98.1 MPH)
Batting: RHB Dave Escobar 0-0: Called Strike
0-1: Ball
1-1: Ball
2-1: Ball
Bill Reyes is caught stealing 2nd base 2-4
3-1: Called Strike
3-2: Foul Ball, location: 2F
3-2: DOUBLE (Line Drive, 7LS, EV 91.9 MPH)
Batting: SHB Dustin Yedinak 0-0: Foul Ball, location: 2F
0-1: Swinging Strike
0-2: Foul Ball, location: 2F
0-2: Strikes out swinging
Batting: RHB Steven Estes 0-0: Ball
1-0: Ground out 4-3 (Groundball, 4M, EV 91.9 MPH)
Top of the 1st over - 0 runs, 2 hits, 0 errors, 1 left on base; Hudson Valley 0 - Lowell 0
BOTTOM OF THE 1ST
Lowell Spinners batting - Pitching for Hudson Valley Renegades : RHP Jim Huisman
Pitching: RHP Jim Huisman
Batting: RHB Melvin Austell 0-0: Fly out, F8 (Flyball, 8RD, EV 83.1 MPH)
Batting: SHB Salvo Aricó 0-0: SINGLE (Line Drive, 8LS, EV 98.1 MPH)
Batting: RHB Kevin Goodman 0-0: Called Strike
Salvo Aricó is caught stealing 2nd base 2-4
0-1: Ball
1-1: Fly out, F7 (Flyball, 78M, EV 94.4 MPH)
Bottom of the 1st over - 0 runs, 1 hit, 0 errors, 0 left on base; Hudson Valley 0 - Lowell 0
TOP OF THE 2ND
Hudson Valley Renegades batting - Pitching for Lowell Spinners : RHP Adam Buechel
Batting: RHB Wally Rist 0-0: Called Strike
0-1: Ball
1-1: Called Strike
1-2: Ground out 3-1 (Groundball, 34, EV 100.0 MPH)
Batting: LHB Jim Huisman 0-0: Foul Ball, location: 2F
0-1: Ball
1-1: Called Strike
1-2: SINGLE (Groundball, 56D, EV 99.4 MPH)
Batting: RHB Oscar Andino 0-0: Fly out, F7 (Flyball, 7, EV 85.0 MPH)
Batting: LHB Lance Nixon 0-0: Ball
1-0: Ball
2-0: Called Strike
2-1: Called Strike
2-2: Fly out, F5 (Popup, 5SF, EV 69.4 MPH)
Top of the 2nd over - 0 runs, 1 hit, 0 errors, 1 left on base; Hudson Valley 0 - Lowell 0
BOTTOM OF THE 2ND
Lowell Spinners batting - Pitching for Hudson Valley Renegades : RHP Jim Huisman
Batting: RHB Andrew Hannaford 0-0: Called Strike
0-1: Ball
1-1: SINGLE (Groundball, 56S, EV 73.8 MPH) (infield hit)
Batting: LHB Jamie D'Amico 0-0: Called Strike
0-1: Ball
1-1: Ball
2-1: Ball
Andrew Hannaford steals 2nd base
3-1: Fly out, F3 (Line Drive, 3, EV 68.1 MPH)
Batting: RHB Chris Sikes 0-0: Fly out, F8 (Flyball, 8RM, EV 94.4 MPH)
Batting: SHB Manny Sanders 0-0: Ball
1-0: 2-RUN HOME RUN (Flyball, 9D, EV 98.8 MPH), Distance : 381 ft
Batting: RHB Chris Day 0-0: Ball
1-0: Called Strike
1-1: Called Strike
1-2: Strikes out looking
Bottom of the 2nd over - 2 runs, 2 hits, 0 errors, 0 left on base; Hudson Valley 0 - Lowell 2
TOP OF THE 3RD
Hudson Valley Renegades batting - Pitching for Lowell Spinners : RHP Adam Buechel
Batting: RHB Brian Weaver 0-0: Ball
1-0: Ball
2-0: Ball
3-0: Called Strike
3-1: Base on Balls
Batting: RHB Bill Reyes 0-0: Foul Ball, location: 2F
0-1: Bunt - Flyout to 23! F3
Batting: RHB Dave Escobar 0-0: Called Strike
0-1: Ball
1-1: Fly out, F7 (Flyball, 78D, EV 109.4 MPH)
Batting: SHB Dustin Yedinak 0-0: Called Strike
0-1: Ball
1-1: DOUBLE (Line Drive, 78D, EV 104.4 MPH)
Brian Weaver to third
Batting: RHB Steven Estes 0-0: Called Strike
0-1: Ball
1-1: Swinging Strike
1-2: Strikes out looking
Top of the 3rd over - 0 runs, 1 hit, 0 errors, 2 left on base; Hudson Valley 0 - Lowell 2
BOTTOM OF THE 3RD
Lowell Spinners batting - Pitching for Hudson Valley Renegades : RHP Jim Huisman
Batting: RHB Josh Heaven 0-0: Called Strike
0-1: Called Strike
0-2: Ball
1-2: Ball
2-2: SOLO HOME RUN (Flyball, 78XD, EV 108.8 MPH), Distance : 411 ft
Batting: RHB Melvin Austell 0-0: Called Strike
0-1: Ball
1-1: Swinging Strike
1-2: Foul Ball, location: 2F
1-2: Strikes out swinging
Batting: SHB Salvo Aricó 0-0: Foul Ball, location: 2F
0-1: Swinging Strike
0-2: Strikes out looking
Batting: RHB Kevin Goodman 0-0: Swinging Strike
0-1: Ball
1-1: Called Strike
1-2: Ball
2-2: Ground out 6-3 (Groundball, 6, EV 83.1 MPH)
Bottom of the 3rd over - 1 run, 1 hit, 0 errors, 0 left on base; Hudson Valley 0 - Lowell 3
TOP OF THE 4TH
Hudson Valley Renegades batting - Pitching for Lowell Spinners : RHP Adam Buechel
Batting: RHB Wally Rist 0-0: Swinging Strike
0-1: Ground out 2-3 (Groundball, 13S, EV 65.6 MPH)
Batting: LHB Jim Huisman 0-0: Called Strike
0-1: Ball
1-1: Ball
2-1: Foul Ball, location: 2F
2-2: Ball
3-2: Foul Ball, location: 2F
3-2: Ground out 6-3 (Groundball, 6, EV 100.6 MPH)
Batting: RHB Oscar Andino 0-0: Called Strike
0-1: Ground out 3-1 (Groundball, 3L, EV 98.1 MPH)
Top of the 4th over - 0 runs, 0 hits, 0 errors, 0 left on base; Hudson Valley 0 - Lowell 3
BOTTOM OF THE 4TH
Lowell Spinners batting - Pitching for Hudson Valley Renegades : RHP Jim Huisman
Batting: RHB Andrew Hannaford 0-0: Called Strike
0-1: Foul Ball, location: 2F
0-2: Strikes out swinging
Batting: LHB Jamie D'Amico 0-0: Called Strike
0-1: Called Strike
0-2: Ground out 5-3 (Groundball, 56, EV 95.6 MPH)
Batting: RHB Chris Sikes 0-0: Called Strike
0-1: Foul Ball, location: 2F
0-2: Ball
1-2: Ball
2-2: Strikes out swinging
Bottom of the 4th over - 0 runs, 0 hits, 0 errors, 0 left on base; Hudson Valley 0 - Lowell 3
TOP OF THE 5TH
Hudson Valley Renegades batting - Pitching for Lowell Spinners : RHP Adam Buechel
Batting: LHB Lance Nixon 0-0: Ball
1-0: Swinging Strike
1-1: Ball
2-1: Called Strike
2-2: SINGLE (Line Drive, 8LS, EV 92.5 MPH)
Batting: RHB Brian Weaver 0-0: Ball
1-0: Foul Ball, location: 2F
1-1: SINGLE (Groundball, 4MD, EV 109.4 MPH)
Lance Nixon to second
Batting: RHB Bill Reyes 0-0: Bunt missed!
0-1: Bunt missed!
0-2: Ball
Wild Pitch!
Lance Nixon to third
Brian Weaver to second
1-2: Ground out 1-3 (Groundball, 25, EV 68.8 MPH)
Batting: RHB Dave Escobar 0-0: Foul Ball, location: 2F
0-1: Ball
1-1: Foul Ball, location: 2F
1-2: Ball
2-2: Strikes out swinging
Batting: SHB Dustin Yedinak 0-0: Called Strike
0-1: Ball
1-1: Ball
2-1: Called Strike
2-2: Ball
3-2: Ground out 4-3 (Groundball, 4M, EV 110.0 MPH)
Top of the 5th over - 0 runs, 2 hits, 0 errors, 2 left on base; Hudson Valley 0 - Lowell 3
BOTTOM OF THE 5TH
Lowell Spinners batting - Pitching for Hudson Valley Renegades : RHP Jim Huisman
Batting: SHB Manny Sanders 0-0: Ball
1-0: Called Strike
1-1: Reached on error, E5 (Groundball, 5, EV 87.5 MPH)
Batting: RHB Chris Day 0-0: Ball
1-0: Bunt missed!
1-1: Sac Bunt to 25 - play at first, batter OUT! 5-4
Manny Sanders to third
Batting: RHB Josh Heaven 0-0: Foul Ball, location: 2F
0-1: Ball
1-1: Ball
2-1: Foul Ball, location: 2F
2-2: Ground out 3-1 (Groundball, 34S, EV 68.8 MPH)
Batting: RHB Melvin Austell 0-0: Ball
1-0: Fly out, F9 (Flyball, 89M, EV 79.4 MPH)
Bottom of the 5th over - 0 runs, 0 hits, 1 error, 1 left on base; Hudson Valley 0 - Lowell 3
TOP OF THE 6TH
Hudson Valley Renegades batting - Pitching for Lowell Spinners : RHP Adam Buechel
Batting: RHB Steven Estes 0-0: Called Strike
0-1: Ball
1-1: Foul Ball, location: 2F
1-2: Ball
2-2: Ball
3-2: Ground out 5-3 (Groundball, 56S, EV 83.1 MPH)
Pitching: LHP Ben Cash
Batting: RHB Wally Rist 0-0: Called Strike
0-1: Ground out 5-3 (Groundball, 56, EV 88.1 MPH)
Batting: LHB Jim Huisman 0-0: Swinging Strike
0-1: Ball
1-1: Ball
2-1: Ball
3-1: Swinging Strike
3-2: Foul Ball, location: 2F
3-2: Base on Balls
Batting: RHB Oscar Andino 0-0: Called Strike
0-1: Ball
1-1: Foul Ball, location: 2F
1-2: Strikes out swinging
Top of the 6th over - 0 runs, 0 hits, 0 errors, 1 left on base; Hudson Valley 0 - Lowell 3
BOTTOM OF THE 6TH
Lowell Spinners batting - Pitching for Hudson Valley Renegades : RHP Jim Huisman
Batting: SHB Salvo Aricó 0-0: Ball
1-0: Ball
2-0: Called Strike
2-1: Fly out, F7 (Flyball, 78M, EV 97.5 MPH)
Batting: RHB Kevin Goodman 0-0: Called Strike
0-1: Ball
1-1: DOUBLE (Line Drive, 7LM, EV 98.8 MPH)
Batting: RHB Andrew Hannaford 0-0: Ball
1-0: Fly out, F9 (Line Drive, 89S, EV 92.5 MPH)
Batting: LHB Jamie D'Amico 0-0: Ball
1-0: Foul Ball, location: 2F
1-1: Ball
2-1: Ball
3-1: Base on Balls
Batting: RHB Chris Sikes 0-0: Ball
1-0: SINGLE (Groundball, 3D, EV 100.0 MPH)
Kevin Goodman to third
Jamie D'Amico to second
Runner from 3rd tries for Home, SAFE, throw by RF to home
Batting: SHB Manny Sanders 0-0: DOUBLE (Line Drive, 7LS, EV 97.5 MPH)
Jamie D'Amico scores
Chris Sikes to third
Runner from 3rd tries for Home, SAFE, throw by LF to home
Pitching: LHP Omar Solorzano
Batting: RHB Chris Day 0-0: Called Strike
0-1: SINGLE (Groundball, 6MD, EV 107.5 MPH)
Manny Sanders to third
Runner from 3rd tries for Home, SAFE, throw by CF to home
Batting: RHB Josh Heaven 0-0: Foul Ball, location: 2F
0-1: Ball
1-1: Fly out, F7 (Flyball, 7D, EV 82.5 MPH)
Bottom of the 6th over - 4 runs, 4 hits, 0 errors, 1 left on base; Hudson Valley 0 - Lowell 7
TOP OF THE 7TH
Hudson Valley Renegades batting - Pitching for Lowell Spinners : LHP Ben Cash
Batting: LHB Lance Nixon 0-0: Foul Ball, location: 2F
0-1: Ball
1-1: Foul Ball, location: 2F
1-2: SOLO HOME RUN (Line Drive, 9LD, EV 93.1 MPH), Distance : 350 ft
Batting: RHB Brian Weaver 0-0: Ball
1-0: Ground out U3 (Groundball, 34S, EV 80.0 MPH)
Batting: RHB Bill Reyes 0-0: Called Strike
0-1: Ball
1-1: Ball
2-1: Foul Ball, location: 2F
2-2: Foul Ball, location: 2F
2-2: Strikes out swinging
Batting: RHB Dave Escobar 0-0: Ball
1-0: Swinging Strike
1-1: Ball
2-1: Swinging Strike
2-2: Foul Ball, location: 2F
2-2: Strikes out swinging
Top of the 7th over - 1 run, 1 hit, 0 errors, 0 left on base; Hudson Valley 1 - Lowell 7
BOTTOM OF THE 7TH
Lowell Spinners batting - Pitching for Hudson Valley Renegades : LHP Omar Solorzano
Batting: RHB Melvin Austell 0-0: Called Strike
0-1: Called Strike
0-2: Ball
1-2: Ball
2-2: Ball
3-2: Ground out 4-3 (Groundball, 4, EV 81.2 MPH)
Batting: SHB Salvo Aricó 0-0: Ground out 4-3 (Groundball, 4S, EV 85.0 MPH)
Batting: RHB Kevin Goodman 0-0: Ground out 4-3 (Groundball, 4, EV 107.5 MPH)
Bottom of the 7th over - 0 runs, 0 hits, 0 errors, 0 left on base; Hudson Valley 1 - Lowell 7
TOP OF THE 8TH
Hudson Valley Renegades batting - Pitching for Lowell Spinners : LHP Ben Cash
Batting: SHB Dustin Yedinak 0-0: Swinging Strike
0-1: Ball
1-1: SINGLE (Line Drive, 7S, EV 93.1 MPH)
Batting: RHB Steven Estes 0-0: Ball
1-0: Swinging Strike
1-1: Ball
2-1: Called Strike
2-2: Fielders Choice at 2nd, 1-4 (Groundball, 15S, EV 68.1 MPH)
Pitching: RHP Paços Crujeira
Batting: RHB Wally Rist 0-0: Called Strike
0-1: Ball
1-1: Foul Ball, location: 2F
1-2: Ball
2-2: Fielders Choice at 2nd, 5-4 (Groundball, 5, EV 100.6 MPH)
Batting: LHB Jim Huisman 0-0: Ground out 1-3 (Groundball, 15S, EV 71.2 MPH)
Top of the 8th over - 0 runs, 1 hit, 0 errors, 1 left on base; Hudson Valley 1 - Lowell 7
BOTTOM OF THE 8TH
Lowell Spinners batting - Pitching for Hudson Valley Renegades : LHP Omar Solorzano
Batting: RHB Andrew Hannaford 0-0: Ball
1-0: Ball
2-0: Called Strike
2-1: Ball
3-1: Base on Balls
Batting: LHB Jamie D'Amico 0-0: Foul Ball, location: 2F
0-1: Called Strike
Andrew Hannaford steals 2nd base
0-2: Ball
1-2: Ball
2-2: Ball
3-2: Ground out U3 (Groundball, 3, EV 90.0 MPH)
Andrew Hannaford to third
Batting: RHB Chris Sikes 0-0: Ball
1-0: Swinging Strike
1-1: Ball
2-1: Foul Ball, location: 2F
2-2: Ball
3-2: Strikes out swinging
Batting: SHB Manny Sanders 0-0: Foul Ball, location: 2F
0-1: Ball
1-1: Ball
2-1: Swinging Strike
2-2: Strikes out swinging
Bottom of the 8th over - 0 runs, 0 hits, 0 errors, 1 left on base; Hudson Valley 1 - Lowell 7
TOP OF THE 9TH
Hudson Valley Renegades batting - Pitching for Lowell Spinners : RHP Paços Crujeira
Batting: RHB Oscar Andino 0-0: Ground out 4-3 (Groundball, 4, EV 107.5 MPH)
Batting: LHB Lance Nixon 0-0: Called Strike
0-1: Foul Ball, location: 2F
0-2: Ball
1-2: Foul Ball, location: 2F
1-2: Ball
2-2: Ball
3-2: Foul Ball, location: 2F
3-2: Ground out 4-3 (Groundball, 4, EV 89.4 MPH)
Batting: RHB Brian Weaver 0-0: Swinging Strike
0-1: Ball
1-1: Ball
2-1: Foul Ball, location: 2F
2-2: Foul Ball, location: 2F
2-2: Strikes out swinging
Top of the 9th over - 0 runs, 0 hits, 0 errors, 0 left on base; Hudson Valley 1 - Lowell 7
Wednesday, July 27th , 2022 - OOTP Baseball 23.5 Build 73